 Dungeon Crawl Stone Soup version 0.26.1-2-gb8aa6d0cf2 (webtiles) character file.

Game seed: 5108296346634965684

77 wumna the Sneak (level 4, -17/21 HPs)
             Began as a Vine Stalker Enchanter on Feb 12, 2021.
             Was an Initiate of Ru.
             Demolished by Hehehe's ghost (19 damage)
             ... on level 3 of the Dungeon.
             The game lasted 00:23:48 (2960 turns).

wumna the Sneak (Vine Stalker Enchanter)            Turns: 2960, Time: 00:23:48

Health: -17/21     AC:  3    Str: 10    XL:     4   Next: 33%
Magic:  0/8        EV: 16    Int: 16    God:    Ru [......]
Gold:   129        SH:  0    Dex: 15    Spells: 5/8 levels left

rFire    . . .     SeeInvis .   y - +0 dagger (venom)
rCold    . . .     Faith    .   (no shield)
rNeg     . . .     Spirit   +   b - +0 robe
rPois    +         Reflect  .   e - +0 helmet
rElec    .         Harm     .   (no cloak)
rCorr    .         Rampage  .   (no gloves)
Will     .....                  (no boots)
Stlth    +++.......             (no amulet)
HPRegen  0.47/turn              u - ring of poison resistance
MPRegen  0.11/turn              C - +4 ring of evasion

@: no status effects
A: fangs 2, regeneration 1, magic shield, antimagic bite, no potion heal 3
a: Renounce Religion


You were on level 3 of the Dungeon.
You worshipped Ru.
Ru was noncommittal.
You visited 1 branch of the dungeon, and saw 3 of its levels.

You collected 129 gold pieces.

Inventory:

Hand Weapons
 a - a +1 dagger
 i - a +0 club
 o - a +0 hunting sling
 s - a +0 club
 t - a +3 whip
 y - a +0 dagger of venom (weapon)
Missiles
 f - 44 arrows
 g - 17 poisoned darts
 r - 18 bolts
Armour
 b - a +0 robe (worn)
 e - a +0 helmet (worn)
 z - a +0 ring mail
Jewellery
 u - a ring of poison resistance (left hand)
 C - a +4 ring of evasion (right hand)
Wands
 v - a wand of acid (3)
Scrolls
 d - 2 scrolls of identify {unknown}
 h - a scroll of enchant armour {unknown}
 k - a scroll of enchant weapon {unknown}
 m - 2 scrolls of teleportation {unknown}
 q - a scroll of fog {unknown}
 A - a scroll of fear {unknown}
Potions
 c - a potion of attraction {unknown}
 j - 4 potions of flight {unknown}
 l - a potion of berserk rage {unknown}
 n - a potion of heal wounds {unknown}
 p - a potion of curing
 w - a potion of lignification {unknown}
 x - a potion of resistance {unknown}
 B - a potion of might {unknown}


   Skills:
 + Level 0.2 Fighting
 + Level 1.4 Short Blades
 + Level 1.9 Dodging
 + Level 5.1 Stealth
 + Level 2.6 Spellcasting
 + Level 3.3 Hexes
 + Level 0.1 Ice Magic


You had 5 spell levels left.
You knew the following spells:

 Your Spells              Type           Power        Failure   Level
a - Corona                Hex            13%          4%          1
b - Ensorcelled Hibernat  Hex/Ice        14%          14%         2

Your spell library contained the following spells:

 Spells                   Type           Power        Failure   Level
 Confusing Touch          Hex            12%          16%         3
 Tukima's Dance           Hex            12%          16%         3
 Dazzling Flash           Conj/Hex       14%          30%         3


Dungeon Overview and Level Annotations

Branches:
Dungeon (3/15)

Altars:
Fedhas
Ru

Annotations:
D:3 Hehehe's ghost, amateur DDFi


Innate Abilities, Weirdness & Mutations

You have extremely sharp teeth.
Your natural rate of healing is unusually fast.
When hurt, damage is shared between your health and your magic reserves.
Your bite disrupts and absorbs the magic of your enemies.
Potions cannot restore your health.


Message History

Hehehe's ghost is severely damaged.
Hehehe's ghost hits you!
Ouch! That really hurt!
You hit Hehehe's ghost but do no damage.
Hehehe's ghost is severely damaged.
Hehehe's ghost closely misses you.
You hit Hehehe's ghost but do no damage.
You bite Hehehe's ghost. You drain its power.
You feel invigorated.
Hehehe's ghost is severely damaged.
Hehehe's ghost hits you!
* * * LOW HITPOINT WARNING * * *
Aiming: Corrosive Bolt
Press: ? - help, Shift-Dir - straight line, f/p - Hehehe's ghost
Aim: Hehehe's ghost (severely damaged, 17% to evade)
The bolt of acid hits Hehehe's ghost.
Hehehe's ghost is splashed with acid.
The acid corrodes Hehehe's ghost!
Hehehe's ghost is severely damaged.
Hehehe's ghost hits you!!
Ouch! That really hurt!
You die...

##...#.........#
#...##..........#
#...#...####....#
#..##..##?!###...#
#..#..##.....##..#
#..#..#...=...#..#.
##.#..##......#..##
#.##..###W.......
#..#....@.......#
##.##...####..###
#..#####..#### #.#
##.........? #.#
#..####.....
#.#########.#
#.#####
#[#.......#.# #.#
#.#.......#.# .#
##.#.......#.####.##


You could see Hehehe's ghost (corroded).

Vanquished Creatures
  An adder (D:2)
  A worker ant simulacrum (D:3)
  An ooze (D:2)
  3 dart slugs (D:1)
  An adder simulacrum (D:3)
  2 leopard geckos (D:2)
  5 bats
  A giant cockroach (D:2)
  7 goblins
  5 hobgoblins
  3 jackals (D:1)
  2 quokkas (D:2)
  A frilled lizard (D:1)
  2 giant cockroach simulacra (D:3)
  3 kobolds
  9 rats
47 creatures vanquished.

Vanquished Creatures (others)
  3 plants (D:2)
3 creatures vanquished.

Grand Total: 50 creatures vanquished

Notes
Turn   | Place    | Note
-------+----------+-------------------------------------------
     0 | D:1      | wumna the Vine Stalker Enchanter began the quest for the
                  | Orb.
     0 | D:1      | Reached XP level 1. HP: 9/9 MP: 4/4
   233 | D:1      | Reached XP level 2. HP: 13/13 MP: 4/6
   239 | D:1      | Reached skill level 1 in Short Blades
   431 | D:1      | Learned a level 2 spell: Ensorcelled Hibernation
   460 | D:1      | Reached skill level 4 in Stealth
   934 | D:1      | Reached XP level 3. HP: 16/16 MP: 7/7
  1528 | D:2      | Found a sacrificial altar of Ru.
  1541 | D:2      | Became a worshipper of Ru the Awakened
  1601 | D:2      | Found a blossoming altar of Fedhas.
  1866 | D:2      | Gained mutation: Your natural rate of healing is unusually
                  | fast. [Vine Stalker growth]
  1866 | D:2      | Reached XP level 4. HP: 21/21 MP: 8/8
  1918 | D:2      | Reached skill level 5 in Stealth
  2848 | D:3      | Found a runed translucent gate.
  2848 | D:3      | Found a runed translucent gate.
  2848 | D:3      | Found a runed translucent gate.
  2898 | D:3      | Noticed Hehehe's ghost (amateur DDFi)
  2959 | D:3      | HP: 1/21 [Hehehe's ghost (9)]
  2960 | D:3      | Demolished by Hehehe's ghost

Illustrated notes

Levels and vault maps discovered:
D:1:      lightli_iron_boxes, layout_loops_cross
D:2:      layout_basic, hangedman_ru_absence, st_stairs_5, fedhas_ov_isle_minmay
D:3:      layout_basic, gammafunk_ghost_icy

Skill      XL: |  1  2  3  4 |
---------------+-------------+-----
Short Blades   | 1 |  1.4
Stealth        | 4 5 |  5.1
Fighting       | |  0.2
Dodging        | |  1.9
Spellcasting   | |  2.6
Hexes          | |  3.3
Ice Magic      | |  0.1

Action                   |  1- 3 |  4- 6 || total
-------------------------+-------+-------++-------
Melee: Dagger            |    85 |    65 ||   150
       Bite              |    15 |    21 ||    36
 Cast: Corona            |    10 |     4 ||    14
       Ensorcelled Hiber |     9 |     4 ||    13
Evoke: Wand              |       |     1 ||     1
 Stab: Sleeping          |    14 |     3 ||    17
       Distracted        |       |     1 ||     1
Armor: Robe              |    17 |    22 ||    39
Dodge: Dodged            |    44 |    48 ||    92
